[Event "Team 45 45 League T40"]
[Site "Internet Chess Club"]
[Date "2009.03.27"]
[Round "9"]
[White "jesterday"]
[Black "chess9397"]
[Result "1-0"]
[WhiteElo "1960"]
[BlackElo "1825"]
[Opening "Sicilian: Smith-Morra gambit"]
[ECO "B21"]
[Time "13:04:17"]
[TimeControl "2700+45"]

1. e4 c5 2. d4 cxd4 3. c3 dxc3 4. Nxc3 Nc6 5. Nf3 d6 6. Bc4 e6 7. O-O a6 8. Qe2
Be7 9. Rd1 Qc7 10. Bf4 Nf6 11. Rac1 O-O 12. h3 Rd8 13. Bb3 b5 14. Nd5 exd5 15.
exd5 Bb7 16. dxc6 Bxc6 17. Rxc6 Qxc6 18. Qxe7 d5 19. Ne5 Qe6 20. Qxe6 fxe6 21.
Nc6 Rf8 22. Bd6 Rfe8 23. f3 Nd7 24. Nd4 Nb6 25. Re1 Kf7 26. Bc2 Nc4 27. Bg3 Nxb2
28. Bxh7 g6 29. Nc6 Nc4 30. Ne5+ Nxe5 31. Bxe5 Rac8 32. h4 Rc4 33. h5 gxh5 34.
Kf2 Ra4 35. Bb1 Rc8 36. Rh1 h4 37. f4 a5 38. Rxh4 Rc1 39. Rh7+ Kf8 40. Bg6 Rxa2+
41. Kg3 Rg1 42. Rh2 b4 43. Bf6 Raxg2+ 44. Rxg2 Rxg2+ 45. Kxg2 a4 46. Kf2 a3 47.
Ke2 b3 48. Kd2 a2 49. f5 exf5 50. Bxf5 Kf7 51. Bb2 Ke7 52. Kc3 Kd6 53. Kxb3 Kc5
54. Kc3 d4+ 55. Kd3 Kd5 56. Bxd4 Kc6 57. Be6 Kd6 58. Bxa2 Kc6 59. Kc4 Kd6 60.
Bc5+ Ke5 61. Kd3 Kf5 62. Ke3 Ke5 63. Bd4+ Kd6 64. Ke4 Kc6 65. Ke5 Kb5 66. Kd5
Kb4 67. Bc4 Ka5 68. Kc5 Ka4 69. Be6 Ka5 70. Be3 Ka4 71. Bd7+ Kb3 72. Kd4 Kb4 73.
Be6 Kb5 74. Kd5 Kb4 75. Bd2+ Kb5 76. Bf5 Kb6 77. Kd6 Kb5 78. Bd3+ Ka4 79. Kc5
Kb3 80. Kd4 Ka4 81. Kc4 Ka3 82. Bc3 Ka4 83. Bc2+ Ka3 84. Bd4 Ka2 85. Kc3 Ka3 86.
Bc5+ Ka2 87. Be4 Ka1 88. Kc2 Ka2 89. Bd5+ Ka1 90. Bd4# {Black checkmated} 1-0

[Event "Team 45 45 League T40"]
[Site "Internet Chess Club"]
[Date "2009.03.30"]
[Round "9"]
[White "cityprosecutor"]
[Black "makito"]
[Result "0-1"]
[WhiteElo "1733"]
[BlackElo "1838"]
[Opening "Caro-Kann: closed (Breyer) variation"]
[ECO "B10"]
[Time "15:05:01"]
[TimeControl "2700+45"]

1. e4 c6 2. d3 d5 3. Nd2 e5 4. Ngf3 Bd6 5. g3 Nf6 6. Bg2 O-O 7. O-O Qc7 8. b3
Be6 9. Bb2 Nbd7 10. Re1 Rad8 11. h3 dxe4 12. dxe4 h6 13. Qe2 b5 14. Nh4 g6 15.
c4 b4 16. Nf1 Rfe8 17. Rad1 Nc5 18. Nh2 Bc8 19. Bc1 Bf8 20. Qf3 Nfxe4 21. Rxe4
Nxe4 22. Re1 Ng5 23. Qxc6 Nxh3+ 24. Kf1 Qxc6 25. Bxc6 Re6 26. Bd5 Ra6 27. Re2
Be6 28. Kg2 Bxd5+ 29. cxd5 Ng5 30. Rxe5 Bg7 31. Bxg5 hxg5 32. Rxg5 Rxa2 33. Rg4
a5 34. Rg5 Ra3 35. Ng4 Rxb3 36. Nxg6 fxg6 37. Rxg6 Kh7 38. Ra6 Rxd5 39. Ra7 Rf5
40. Ne3 Rxe3 41. fxe3 b3 42. g4 Rb5 {White resigns} 0-1

[Event "Team 45 45 League T40"]
[Site "Internet Chess Club"]
[Date "2009.03.28"]
[Round "9"]
[White "besonegro"]
[Black "kabindra"]
[Result "0-1"]
[WhiteElo "1729"]
[BlackElo "1853"]
[Opening "Ruy Lopez: closed (10...c5)"]
[ECO "C96"]
[Time "16:02:29"]
[TimeControl "2700+45"]

1. e4 e5 2. Nf3 Nc6 3. Bb5 a6 4. Ba4 Nf6 5. O-O Be7 6. Re1 b5 7. Bb3 d6 8. c3
O-O 9. h3 Na5 10. Bc2 c5 11. d4 cxd4 12. cxd4 Qc7 13. d5 Bb7 14. Nbd2 Rac8 15.
Bd3 Nh5 16. Nf1 Nf4 17. Bxf4 exf4 18. Rc1 Qxc1 19. Qxc1 Rxc1 20. Rxc1 Rc8 21.
Rxc8+ Bxc8 22. N1d2 Bf6 23. b3 Nb7 24. Nb1 Nc5 25. Bc2 h6 26. Ne1 g5 27. Nd3
Nxe4 28. Nxf4 Nxf2 29. Ne2 Nxh3+ 30. gxh3 Bxh3 31. Kh2 Bg4 32. Bd3 Be5+ 33. Kg2
h5 34. Ng1 f6 35. a4 Bd7 36. axb5 axb5 37. Na3 b4 38. Nc4 f5 39. Nb6 Be8 40.
Bxf5 Bf7 41. Be4 Bd4 42. Nc4 Bc5 43. Nf3 g4 44. Ng5 Be8 45. Ne6 h4 46. Nxc5 dxc5
47. Bf5 g3 48. Be4 Bd7 49. Ne5 Bb5 50. Kh3 Bf1+ 51. Kxh4 g2 52. Nf3 Kf7 53. Kg3
Ke7 54. Ng1 Kd6 55. Kf2 c4 56. bxc4 Bxc4 57. Kxg2 Bxd5 58. Kf3 b3 59. Bxd5 Kxd5
60. Ne2 Kc4 61. Nf4 b2 62. Ng6 b1=Q 63. Ne5+ Kd5 64. Ng4 Qf5+ 65. Kg3 Ke4 66.
Nf2+ Ke3 67. Ng4+ Ke2 68. Kh4 Kf3 69. Nh6 Qg6 70. Nf5 Qg4# {White checkmated}
0-1

[Event "Team 45 45 League T40"]
[Site "Internet Chess Club"]
[Date "2009.03.25"]
[Round "9"]
[White "chess9793"]
[Black "Orinal"]
[Result "0-1"]
[WhiteElo "1883"]
[BlackElo "1589"]
[Opening "Ruy Lopez: Trajkovic counter-attack"]
[ECO "C88"]
[Time "18:01:41"]
[TimeControl "2700+45"]

1. e4 e5 2. Nf3 Nc6 3. Bb5 a6 4. Ba4 Nf6 5. O-O b5 6. Bb3 Be7 7. Re1 Bb7 8. c3
d5 9. exd5 Nxd5 10. Nxe5 Nxe5 11. Rxe5 Nf4 12. Bxf7+ Kxf7 13. Rf5+ Bf6 14. Rxf4
g5 15. Rg4 h5 16. Rg3 g4 17. d4 Bh4 18. Re3 Qf6 19. Qf1 Kg7 20. Rd3 Be4 21. Rd1
Qf5 22. Be3 Rhf8 23. Na3 Rae8 24. Rd2 Qd5 25. Nc2 g3 26. hxg3 Bxg3 27. f3 Bxc2
28. Rxc2 Rxe3 29. Re2 Qg5 30. Qc1 Rfe8 31. Rxe3 Rxe3 32. Qd2 Qe7 33. Kf1 Bf4 34.
Qf2 h4 35. d5 Bg3 36. Qd2 Qe5 37. Rd1 Qf4 38. Qc2 h3 39. gxh3 Rxf3+ 40. Kg1 Bf2+
41. Kf1 Bc5+ 42. Ke1 Rf1+ 43. Ke2 Rf2+ 44. Ke1 Rxc2 45. Rd3 Qf2+ 46. Kd1 Qe2#
{White checkmated} 0-1

[Event "Team 45 45 League T40"]
[Site "Internet Chess Club"]
[Date "2009.03.29"]
[Round "9"]
[White "Fezzik"]
[Black "primerpaso"]
[Result "1-0"]
[WhiteElo "2007"]
[BlackElo "1780"]
[Opening "Queen's Indian: Petrosian system"]
[ECO "E12"]
[Time "18:04:07"]
[TimeControl "2700+45"]

1. d4 Nf6 2. c4 e6 3. Nf3 b6 4. a3 Bb7 5. Nc3 Be7 6. d5 d6 7. e4 e5 8. Be2 O-O
9. O-O Nbd7 10. Ne1 Nc5 11. f3 a5 12. Be3 Qd7 13. Nd3 Nxd3 14. Bxd3 h6 15. Qd2
Nh7 16. b4 Bg5 17. c5 axb4 18. axb4 dxc5 19. bxc5 bxc5 20. Bc4 c6 21. Bxg5 hxg5
22. d6 Rfd8 23. Na4 Qxd6 24. Qxd6 Rxd6 25. Nxc5 Rd4 26. Rxa8+ Bxa8 27. Ra1 Rd8
28. Ra7 Nf6 29. Bxf7+ Kh8 30. Ne6 Rb8 31. Nxg5 Bb7 32. Be6 Ne8 33. Nf7+ Kh7 34.
Nxe5 Nd6 35. Nd7 Ra8 36. Rxa8 Bxa8 37. e5 Ne8 38. Bf7 Nc7 39. e6 Nd5 40. Nb6 c5
41. Nxa8 Ne7 42. Nb6 {Black resigns} 1-0

[Event "Team 45 45 League T40"]
[Site "Internet Chess Club"]
[Date "2009.03.27"]
[Round "9"]
[White "fishhead"]
[Black "AronT"]
[Result "1-0"]
[WhiteElo "2004"]
[BlackElo "1853"]
[Opening "French: Tarrasch, Guimard variation"]
[ECO "C04"]
[Time "21:00:10"]
[TimeControl "2700+45"]

1. e4 e6 2. d4 d5 3. Nd2 Nc6 4. c3 Nge7 5. Bd3 g6 6. Ne2 Bg7 7. e5 O-O 8. f4 f6
9. Nf3 fxe5 10. fxe5 Nf5 11. Bg5 Qe8 12. Qc2 Nce7 13. O-O h6 14. Bd2 Nc6 15. g4
Nfe7 16. Rf2 Bd7 17. Raf1 Na5 18. Nf4 g5 19. Nh5 Nc4 20. Bc1 Rc8 21. h4 gxh4 22.
Nxh4 Rxf2 23. Qxf2 Qf8 24. Qh2 Qe8 25. Nxg7 Kxg7 26. Bxh6+ Kxh6 27. Nf5+ Kg6 28.
Qh5# {Black checkmated} 1-0

[Event "Team 45 45 League T40"]
[Site "Internet Chess Club"]
[Date "2009.03.29"]
[Round "9"]
[White "Thersites"]
[Black "CREDITorDEBIT"]
[Result "0-1"]
[WhiteElo "1711"]
[BlackElo "1707"]
[Opening "Sicilian: dragon, Yugoslav attack"]
[ECO "B75"]
[Time "12:00:29"]
[TimeControl "2700+45"]

1. e4 c5 2. Nf3 d6 3. d4 cxd4 4. Nxd4 Nf6 5. Nc3 g6 6. Be3 Bg7 7. f3 Nc6 8. Qd2
Bd7 9. O-O-O a5 10. a4 Rc8 11. g4 Ne5 12. h4 h5 13. g5 Nh7 14. Kb1 Nf8 15. f4
Ng4 16. f5 Nxe3 17. Qxe3 Be5 18. Bh3 Qb6 19. f6 e6 20. Bf1 Qb4 21. Bb5 Bxb5 22.
Ndxb5 Nd7 23. Rd3 Rc6 24. Rhd1 O-O 25. Rd4 Bxd4 26. Rxd4 Qc5 27. Qd3 Ne5 28. Qd1
Nc4 29. b3 Nb6 30. Rxd6 Rfc8 31. e5 Rxd6 32. exd6 Rd8 33. Qf3 Nd5 34. Nxd5 Qxd5
35. Qxd5 exd5 36. Kc1 Kf8 37. Kd2 Ke8 38. Kd3 Kd7 39. Kd4 Kc6 40. c4 dxc4 41.
bxc4 b6 42. Ke5 Re8+ 43. Kd4 Re1 44. Kd3 Rh1 45. Ke4 Rxh4+ 46. Ke5 Rxc4 47. Na7+
Kd7 48. Kd5 Rc5+ {White resigns} 0-1

[Event "Team 45 45 League T40"]
[Site "Internet Chess Club"]
[Date "2009.03.28"]
[Round "9"]
[White "Mater"]
[Black "Stap-L"]
[Result "0-1"]
[WhiteElo "1659"]
[BlackElo "1776"]
[Opening "King's Indian defense, 3.Nc3"]
[ECO "E61"]
[Time "11:12:38"]
[TimeControl "2700+45"]

1. d4 Nf6 2. c4 g6 3. Nc3 Bg7 4. Bf4 O-O 5. Qd2 d6 6. e4 c5 7. d5 Nh5 8. Bh6 e5
9. Bxg7 Kxg7 10. g3 f5 11. Be2 Nf6 12. f3 fxe4 13. fxe4 Bg4 14. h3 Bxe2 15.
Ngxe2 Nbd7 16. O-O-O a6 17. h4 b5 18. cxb5 axb5 19. h5 b4 20. hxg6 h5 21. Nb5
Nxe4 22. Qe3 Ndf6 23. g4 Qd7 24. Ng3 Nxg3 25. Qxg3 Qxb5 26. gxh5 Qc4+ 27. Kb1
Qxa2+ 28. Kc2 Ra3 29. Rd3 Qc4+ 30. Rc3 Rxc3+ 31. bxc3 Qe4+ {White resigns} 0-1

[Event "Team 45 45 League T40"]
[Site "Internet Chess Club"]
[Date "2009.03.29"]
[Round "9"]
[White "Ser-Enigma"]
[Black "Campagnolo"]
[Result "1-0"]
[WhiteElo "2182"]
[BlackElo "2077"]
[Opening "Benkö gambit"]
[ECO "A57"]
[Time "05:32:28"]
[TimeControl "2700+45"]

1. d4 Nf6 2. c4 c5 3. d5 b5 4. Bg5 Ne4 5. Bf4 d6 6. f3 Nf6 7. e4 Nbd7 8. cxb5 g6
9. Nc3 Bg7 10. Nh3 O-O 11. Be2 a6 12. O-O axb5 13. Bxb5 Ba6 14. a4 Bxb5 15. Nxb5
Qb6 16. Be3 Qb7 17. Qe2 Rfb8 18. b3 Ne8 19. Rab1 Nc7 20. Nxc7 Qxc7 21. Rfc1 Qa5
22. Nf2 Qa6 23. Qc2 Rb7 24. Nd1 Ne5 25. Nc3 Nd3 26. Rd1 Nb4 27. Qd2 Rab8 28. Nb5
Qb6 29. Qxb4 cxb4 30. Bxb6 Rxb6 31. Rdc1 Bh6 32. Rc7 R6b7 33. Rxb7 Rxb7 34. Kf2
Rb8 35. Ke2 Rc8 36. Kd3 Bg7 37. Re1 Kf8 38. Re2 {Black resigns} 1-0

[Event "Team 45 45 League T40"]
[Site "Internet Chess Club"]
[Date "2009.03.27"]
[Round "9"]
[White "nosalt"]
[Black "DeLaSalle"]
[Result "1-0"]
[WhiteElo "2038"]
[BlackElo "1936"]
[Opening "French: Paulsen variation"]
[ECO "C10"]
[Time "12:53:47"]
[TimeControl "2700+45"]

1. e4 e6 2. d4 d5 3. Nc3 h6 4. e5 c5 5. dxc5 Nc6 6. Bb5 Bxc5 7. Qg4 Bf8 8. Nf3
a6 9. Bd3 Nb4 10. O-O Nxd3 11. cxd3 Ne7 12. Be3 Nf5 13. Nd4 Nxd4 14. Qxd4 Bd7
15. f4 Rc8 16. Qa7 Qc7 17. Rac1 Bc5 18. Bxc5 Qxc5+ 19. Qxc5 Rxc5 20. Ne4 Rxc1
21. Nd6+ Ke7 22. Rxc1 Bc6 23. Nxb7 Rb8 24. Nd6 Bd7 25. b3 f6 26. Kf2 a5 27. Ke3
a4 28. Rb1 Rb4 29. d4 g5 30. g3 g4 31. Kd3 axb3 32. axb3 Rb8 33. b4 Bb5+ 34. Kc3
fxe5 35. fxe5 Rb6 36. Nc8+ {Black resigns} 1-0

[Event "Team 45 45 League T40"]
[Site "Internet Chess Club"]
[Date "2009.03.30"]
[Round "9"]
[White "charles-allen"]
[Black "dnmuscg"]
[Result "1/2-1/2"]
[WhiteElo "1875"]
[BlackElo "1998"]
[Opening "Vienna gambit"]
[ECO "C29"]
[Time "19:00:09"]
[TimeControl "2700+45"]

1. e4 e5 2. Nc3 Nf6 3. f4 d5 4. fxe5 Nxe4 5. Nf3 Bc5 6. d4 Bb4 7. Bd2 Nxd2 8.
Qxd2 O-O 9. Bd3 c5 10. dxc5 Nc6 11. a3 Bxc5 12. O-O-O Be6 13. Qf4 h6 14. h4 Qa5
15. Nb5 Qb6 16. Rde1 a6 17. Nc3 Qa5 18. Nb1 Qc7 19. g4 f6 20. Bf5 Bf7 21. g5
fxe5 22. Qg4 h5 23. Qg3 g6 24. Bh3 Bd6 25. Qg2 e4 26. Nfd2 Rae8 27. Nc3 Bg3 28.
Ref1 e3 29. Nf3 d4 30. Ne2 Be5 31. Nxe5 Nxe5 32. Nxd4 Qc4 33. Qe4 Ng4 34. Qd3
Qa2 35. Nb3 Nf2 36. Qd6 Nxh1 37. Rxf7 Rxf7 38. Qxg6+ Kf8 39. Qd6+ Ree7 40. Qd8+
Kg7 41. Qd4+ Kh7 42. Qd3+ Kg7 43. Qd4+ Kg8 44. Qd8+ {Game drawn by mutual
agreement} 1/2-1/2

[Event "Team 45 45 League T40"]
[Site "Internet Chess Club"]
[Date "2009.03.29"]
[Round "9"]
[White "ivanson"]
[Black "mcplayerus"]
[Result "0-1"]
[WhiteElo "1842"]
[BlackElo "2090"]
[Opening "Sicilian: Alapin's variation (2.c3)"]
[ECO "B22"]
[Time "17:00:09"]
[TimeControl "2700+45"]

1. e4 c5 2. c3 d5 3. exd5 Qxd5 4. d4 Nf6 5. Nf3 Bg4 6. Be2 e6 7. Be3 cxd4 8.
cxd4 Nc6 9. Nc3 Bb4 10. O-O Qd6 11. a3 Ba5 12. h3 Bh5 13. Nb5 Qb8 14. Rc1 a6 15.
Nc3 Qd6 16. g3 Bxc3 17. Rxc3 Nd5 18. Rd3 Bg6 19. Rc3 O-O 20. Bf4 Nxf4 21. gxf4
Rad8 22. Ne5 Nxd4 23. Bd3 Bxd3 24. Rxd3 f6 25. Qa4 fxe5 26. fxe5 Qxe5 27. Rfd1
Qg5+ 28. Kf1 Rxf2+ 29. Kxf2 Rf8+ 30. Ke1 Qg2 {White resigns} 0-1

[Event "Team 45 45 League T40"]
[Site "Internet Chess Club"]
[Date "2009.03.29"]
[Round "9"]
[White "iasonmessinis"]
[Black "AMAV"]
[Result "1-0"]
[WhiteElo "2248"]
[BlackElo "1993"]
[Opening "Scandinavian defense"]
[ECO "B01"]
[Time "14:32:50"]
[TimeControl "2700+45"]

1. e4 d5 2. exd5 Nf6 3. Nc3 Nxd5 4. Bc4 Nxc3 5. bxc3 e6 6. Nf3 b6 7. d4 Bb7 8.
Qe2 Be7 9. Bd3 O-O 10. h4 c5 11. Bxh7+ Kh8 12. Ng5 Nd7 13. Bg6 fxg6 14. h5 Bxg5
15. hxg6+ Bh6 16. Bxh6 gxh6 17. Rxh6+ Kg7 18. Rh7+ Kxg6 19. Qh5+ Kf6 20. f4 e5
21. dxe5+ Ke6 22. O-O-O Bd5 23. c4 Nf6 24. Qh3+ Ng4 25. Qxg4+ Rf5 {Black
resigns} 1-0

[Event "Team 45 45 League T40"]
[Site "Internet Chess Club"]
[Date "2009.03.26"]
[Round "9"]
[White "playwaycool"]
[Black "Goal-2009"]
[Result "1-0"]
[WhiteElo "2046"]
[BlackElo "1771"]
[Opening "QGD Slav: exchange variation, 6.Bf4 Bf5"]
[ECO "D14"]
[Time "20:08:34"]
[TimeControl "2700+45"]

1. d4 d5 2. c4 c6 3. cxd5 cxd5 4. Nf3 Nf6 5. Nc3 Nc6 6. Bf4 Bf5 7. Rc1 e6 8. e3
Bd6 9. Bxd6 Qxd6 10. Bd3 Bxd3 11. Qxd3 O-O 12. O-O Rfc8 13. a3 Na5 14. Ne5 a6
15. Na4 b5 16. Nc5 Nc4 17. Nxc4 dxc4 18. Qe2 e5 19. Rcd1 exd4 20. exd4 Re8 21.
Qf3 Ra7 22. Rfe1 Rxe1+ 23. Rxe1 Qxd4 24. Rd1 Qe5 25. Rd8+ Ne8 26. g3 h6 27. Qc6
Re7 28. Nxa6 Re6 29. Qb7 Qxb2 30. Nc7 Re1+ 31. Kg2 Qe2 32. Rxe8+ Qxe8 33. Nxe8
Rxe8 34. Qxb5 Rc8 35. Qf5 Rc7 36. Kf3 c3 37. Qc2 Rc5 38. a4 g6 39. Ke3 f5 40.
Kd4 Rc7 41. Qxc3 Rxc3 42. Kxc3 Kf7 43. Kd4 Ke6 44. a5 Kd6 45. a6 Kc6 46. Ke5 Kb6
47. Kf6 g5 48. Kxf5 Kxa6 49. Kg6 Kb7 50. Kxh6 g4 51. Kg5 Kc7 52. Kxg4 Kd8 53. f4
Ke8 54. f5 Kf7 55. Kg5 Kg7 56. f6+ Kg8 57. Kg6 Kh8 58. Kf7 Kh7 59. Ke7 Kg8 60.
f7+ Kh7 61. f8=Q Kg6 62. Ke6 Kh7 63. Qf4 Kh8 64. Qg4 Kh7 65. Kf7 Kh6 66. Qg6#
{Black checkmated} 1-0

[Event "Team 45 45 League T40"]
[Site "Internet Chess Club"]
[Date "2009.03.29"]
[Round "9"]
[White "tsia68"]
[Black "Gregorio"]
[Result "1-0"]
[WhiteElo "1875"]
[BlackElo "2080"]
[Opening "English: symmetrical, four knights system"]
[ECO "A30"]
[Time "12:00:57"]
[TimeControl "2700+45"]

1. Nf3 Nf6 2. c4 c5 3. Nc3 Nc6 4. g3 d6 5. Bg2 g6 6. O-O Bg7 7. d4 cxd4 8. Nxd4
Nxd4 9. Qxd4 O-O 10. Qd3 Rb8 11. c5 Qa5 12. cxd6 exd6 13. Qxd6 Bg4 14. Qf4 Qh5
15. Be3 b6 16. Bd4 Bf5 17. h3 Rbd8 18. e3 Bd3 19. Bxf6 Bxf1 20. Rxf1 Bh6 21. Qe5
Qxe5 22. Bxe5 Rd2 23. Ne4 {Black resigns} 1-0

[Event "Team 45 45 League T40"]
[Site "Internet Chess Club"]
[Date "2009.03.29"]
[Round "9"]
[White "Electryon"]
[Black "markgravitygood"]
[Result "0-1"]
[WhiteElo "1423"]
[BlackElo "1808"]
[Opening "Queen's pawn game"]
[ECO "D04"]
[Time "10:02:29"]
[TimeControl "2700+45"]

1. d4 d5 2. Nf3 Nf6 3. e3 Bf5 4. Bd3 e6 5. Bxf5 exf5 6. Qd3 Qc8 7. O-O c6 8. c4
Na6 9. a3 dxc4 10. Qxc4 Bd6 11. Ne5 Qc7 12. f4 Rc8 13. Nc3 O-O 14. Bd2 Qe7 15.
Rf3 Nc7 16. b4 Ncd5 17. Qd3 Ne4 18. Nxe4 fxe4 19. Qxe4 f6 20. Rh3 g6 21. f5 gxf5
22. Rg3+ Kh8 23. Ng6+ hxg6 24. Rh3+ Kg7 25. Qh4 Rh8 26. Qf2 Rxh3 27. gxh3 Rh8
28. Qg2 Nxe3 29. Qf3 f4 30. Re1 Qd7 31. Bxe3 Rxh3 32. Qf2 fxe3 33. Rxe3 Qg4+ 34.
Kf1 Rxh2 35. Re7+ Bxe7 36. Qxh2 Qd1+ 37. Kg2 Qe2+ 38. Kh3 Qf3+ 39. Qg3 Qh1+ 40.
Qh2 Qxh2+ 41. Kxh2 f5 42. Kg3 Bf6 43. Kf4 Bxd4 44. Kf3 Kf6 45. Kf4 g5+ 46. Kf3
g4+ 47. Kf4 Be5+ 48. Ke3 Kg5 49. Kf2 Kf4 50. Kg2 Ke3 51. Kg1 Kf3 52. Kf1 Bd4 53.
a4 Bf2 54. b5 g3 55. bxc6 g2# {White checkmated} 0-1

[Event "Team 45 45 League T40"]
[Site "Internet Chess Club"]
[Date "2009.03.30"]
[Round "9"]
[White "Ghashgork"]
[Black "C-Jones"]
[Result "1-0"]
[WhiteElo "1761"]
[BlackElo "1613"]
[Opening "English opening: Agincourt variation"]
[ECO "A13"]
[Time "19:32:12"]
[TimeControl "2700+45"]

1. Nf3 d5 2. c4 e6 3. b3 Nf6 4. g3 Nc6 5. Bg2 Be7 6. O-O O-O 7. d3 Re8 8. Nbd2
Rb8 9. Bb2 h6 10. e3 Nb4 11. d4 Bd7 12. Ne5 b5 13. c5 Nc6 14. Ndf3 b4 15. a4
bxa3 16. Rxa3 Rb7 17. Qa1 Qb8 18. Nxc6 Bxc6 19. Ne5 Bb5 20. Rb1 c6 21. Bc3 Nd7
22. Nxd7 Rxd7 23. Bf1 Bxf1 24. Kxf1 Qb5+ 25. Kg2 Ra8 26. Rb2 Bd8 27. Rba2 Qb7
28. Ba5 Be7 29. Bb6 e5 30. Rxa7 Rxa7 31. Rxa7 Qc8 32. Ra8 Qxa8 33. Qxa8+ Kh7 34.
Qxc6 {Black resigns} 1-0

[Event "Team 45 45 League T40"]
[Site "Internet Chess Club"]
[Date "2009.03.27"]
[Round "9"]
[White "BotanicalKnight"]
[Black "civilization"]
[Result "0-1"]
[WhiteElo "1597"]
[BlackElo "1626"]
[Opening "Sicilian: closed, Korchnoi variation"]
[ECO "B23"]
[Time "20:26:31"]
[TimeControl "2700+45"]

1. e4 c5 2. Nc3 e6 3. g3 d5 4. exd5 exd5 5. Bg2 Nf6 6. d3 Be7 7. f4 O-O 8. Nge2
Re8 9. O-O Nc6 10. a3 Bg4 11. Bf3 Bxf3 12. Rxf3 d4 13. Ne4 Qd5 14. Nxf6+ Bxf6
15. Qf1 Re7 16. Bd2 Rae8 17. Re1 Qa2 18. Bc1 Qb1 19. c4 Qc2 20. Kf2 Na5 21. b4
Nb3 {White resigns} 0-1

[Event "Team 45 45 League T40"]
[Site "Internet Chess Club"]
[Date "2009.03.28"]
[Round "9"]
[White "badmove"]
[Black "chesskix"]
[Result "1/2-1/2"]
[WhiteElo "1590"]
[BlackElo "1557"]
[Opening "Sicilian: closed"]
[ECO "B24"]
[Time "17:08:24"]
[TimeControl "2700+45"]

1. e4 c5 2. Nc3 Nc6 3. g3 e5 4. Bg2 Nf6 5. d3 Be7 6. f4 d6 7. Nf3 Bd7 8. Bd2 h6
9. f5 Nd4 10. Ne2 Qb6 11. Nexd4 cxd4 12. Rb1 Bb5 13. h3 Nh5 14. Kf2 a6 15. g4
Nf4 16. Bxf4 exf4 17. Qd2 Rc8 18. Rhc1 g5 19. fxg6 fxg6 20. Qxf4 Bd7 21. Kg1 g5
22. Qd2 O-O 23. Kh1 Bc6 24. Rf1 Rf7 25. a3 Rcf8 26. c3 Bf6 27. c4 Be5 28. Nxe5
dxe5 29. Rxf7 Rxf7 30. Rf1 Rxf1+ 31. Bxf1 Qc7 32. Kg2 Qf7 33. Qf2 Qf4 34. Qxf4
exf4 35. Be2 Kg7 36. Bd1 Kf6 37. b4 Ke5 38. Kf3 Ke6 39. Bb3 Ke5 40. Bd1 Bd7 41.
a4 b5 42. axb5 axb5 43. c5 Be6 44. Bc2 Ba2 45. Kf2 Ke6 46. Kf3 Ke5 {Game drawn
by mutual agreement} 1/2-1/2

[Event "Team 45 45 League T40"]
[Site "Internet Chess Club"]
[Date "2009.03.27"]
[Round "9"]
[White "PostMike"]
[Black "Mutaant"]
[Result "1-0"]
[WhiteElo "1567"]
[BlackElo "1429"]
[Opening "Giuoco Piano"]
[ECO "C53"]
[Time "14:31:57"]
[TimeControl "2700+45"]

1. e4 e5 2. Nf3 Nc6 3. Bc4 Bc5 4. c3 Qf6 5. d4 exd4 6. e5 Qg6 7. cxd4 Bb4+ 8.
Nc3 d6 9. exd6 Bxd6 10. Qe2+ Nge7 11. Nd5 Bg4 12. Nxe7 Nxe7 13. h3 Bd7 14. O-O
Bxh3 15. Bxf7+ Qxf7 16. Ng5 Qf6 17. Nxh3 h6 18. Qb5+ Kf7 19. Qb3+ Kg6 20. Qxb7
Qxd4 21. Be3 Qa4 22. b3 Rhb8 23. Qxa8 Rxa8 24. bxa4 a5 25. Nf4+ Kh7 26. Ne6 Ng6
27. Bd4 Ne5 28. Bxe5 Bxe5 29. Rae1 Bd6 30. Rc1 Ra7 31. Rc2 Kg6 32. Rfc1 Ba3 33.
Rxc7 Ra6 34. R7c6 Ra7 35. R1c3 Bb4 36. Rg3+ {Black resigns} 1-0

[Event "Team 45 45 League T40"]
[Site "Internet Chess Club"]
[Date "2009.03.29"]
[Round "9"]
[White "Portola"]
[Black "PJ"]
[Result "1-0"]
[WhiteElo "1717"]
[BlackElo "1792"]
[Opening "Queen's Indian defense"]
[ECO "A47"]
[Time "14:00:11"]
[TimeControl "2700+45"]

1. d4 Nf6 2. Nf3 b6 3. g3 Bb7 4. Bg2 g6 5. O-O Bg7 6. b3 O-O 7. Bb2 d6 8. Nc3
Nbd7 9. e3 Rc8 10. Rb1 c5 11. d5 a6 12. e4 Qc7 13. Bh3 Rcd8 14. Re1 b5 15. Qe2
Nb6 16. Nd2 Bc8 17. Bxc8 Qxc8 18. Nd1 e5 19. f3 h6 20. c4 b4 21. Ne3 Nh7 22. Qg2
f5 23. Rf1 f4 24. gxf4 Rxf4 25. Qxg6 Kh8 26. Nf5 Rg8 27. Ne7 Qe8 28. Qxe8 Rxe8
29. Ng6+ Kg8 30. Nxf4 exf4 31. Bxg7 Kxg7 32. Kh1 Nd7 33. Rg1+ Kf7 34. Rg4 Ne5
35. Rxf4+ Ke7 36. h4 Nf6 37. Rg1 Rf8 38. Rg7+ Ke8 39. Ra7 Nd3 40. Ra8+ Ke7 41.
Rxf8 Nxf4 42. Ra8 N6h5 43. Kh2 Kf6 44. Nf1 Ne2 45. Ne3 Ke5 46. Rxa6 Kf4 47. Nf5
Kxf3 48. Rxd6 Kf2 49. Rxh6 Nhf4 50. e5 Ng1 51. e6 Nf3+ 52. Kh1 Nd3 53. e7 Kf1
54. Ng3+ Kf2 55. Ne4+ Kf1 56. e8=Q Nfe5 57. Rf6+ Nf2+ 58. Rxf2+ Ke1 59. Qxe5
{Black resigns} 1-0

[Event "Team 45 45 League T40"]
[Site "Internet Chess Club"]
[Date "2009.03.31"]
[Round "9"]
[White "musk6868"]
[Black "lisof"]
[Result "0-1"]
[WhiteElo "1712"]
[BlackElo "1882"]
[Opening "French: Rubinstein variation"]
[ECO "C10"]
[Time "17:30:07"]
[TimeControl "2700+45"]

1. e4 e6 2. d4 d5 3. Nc3 dxe4 4. Nxe4 Nf6 5. Bd3 Nbd7 6. Nf3 Nxe4 7. Bxe4 Nf6 8.
Bg5 Qd6 9. Bxf6 gxf6 10. Qd2 f5 11. Bd3 Bd7 12. O-O-O Rg8 13. Rde1 O-O-O 14. Bf1
Bc6 15. Ne5 Qxd4 16. Qxd4 Rxd4 17. Nxc6 Bh6+ 18. Kb1 bxc6 19. Ba6+ Kd7 20. c3
Rf4 21. Rd1+ Ke7 22. Bb7 Rxg2 23. Bxc6 Rgxf2 24. Rd7+ Kf6 25. Rxc7 Rc4 26. Rd1
Bf4 27. Rc8 Rxh2 28. Rd7 Be3 29. Rcc7 Bb6 30. Rxf7+ Ke5 31. Rc8 Rf4 32. Bb5 Rff2
33. a3 Rxb2+ 34. Ka1 Ra2+ 35. Kb1 Rhb2+ 36. Kc1 Be3+ 37. Kd1 Ra1# {White
checkmated} 0-1

[Event "Team 45 45 League T40"]
[Site "Internet Chess Club"]
[Date "2009.03.28"]
[Round "9"]
[White "Emrebey"]
[Black "AlterEgo"]
[Result "1/2-1/2"]
[WhiteElo "1595"]
[BlackElo "1476"]
[Opening "QGD semi-Slav"]
[ECO "D43"]
[Time "15:00:38"]
[TimeControl "2700+45"]

1. d4 d5 2. c4 c6 3. Nf3 Nf6 4. Nc3 e6 5. g3 Nbd7 6. Bg2 dxc4 7. O-O Be7 8. a4
Nb6 9. Ne5 Nbd5 10. Nxc4 O-O 11. Nxd5 Nxd5 12. e4 Nb4 13. e5 Rb8 14. Be4 f5 15.
exf6 Bxf6 16. Qh5 g6 17. Bxg6 hxg6 18. Qxg6+ Bg7 19. Ne5 Rf6 20. Bg5 Rxg6 21.
Bxd8 Bxe5 22. dxe5 Bd7 23. Bc7 Rc8 24. Bd6 Nd5 25. Rac1 c5 26. Rxc5 Rxc5 27.
Bxc5 Bxa4 28. Bxa7 Rg7 29. Bc5 Rc7 30. Rc1 b6 31. Be3 Rxc1+ 32. Bxc1 Nb4 33. Be3
Nd3 34. Bxb6 Nxb2 35. f4 Bc6 36. h4 Bf3 37. Kf2 Bg4 38. Bd8 Kf7 39. Ke3 Ke8 40.
Bg5 Kd7 41. Kd4 Kc6 42. Ke4 Kc5 43. Be7+ Kc4 44. f5 exf5+ 45. Kf4 Nd3+ 46. Kg5
{Game drawn by mutual agreement} 1/2-1/2

[Event "Team 45 45 League T40"]
[Site "Internet Chess Club"]
[Date "2009.03.28"]
[Round "9"]
[White "ticopatzer"]
[Black "g8wrb"]
[Result "1-0"]
[WhiteElo "1524"]
[BlackElo "1460"]
[Opening "French: King's Indian attack"]
[ECO "C00"]
[Time "12:02:37"]
[TimeControl "2700+45"]

1. e4 e6 2. d3 d5 3. Nd2 Nf6 4. Ngf3 b6 5. e5 Nfd7 6. d4 c5 7. c3 Ba6 8. Bxa6
Nxa6 9. O-O f6 10. Re1 Nc7 11. Nf1 cxd4 12. cxd4 Be7 13. Ng3 O-O 14. exf6 Nxf6
15. Bf4 Bd6 16. Bxd6 Qxd6 17. Rc1 Rae8 18. Ne5 Re7 19. Qa4 Nce8 20. Rc6 Qb8 21.
Qb4 Qb7 22. Rec1 Ne4 23. Nxe4 dxe4 24. Qe1 Nf6 25. Qe3 Qa6 26. Qb3 Nd5 27. Re1
Nf6 28. Rxe6 Rxe6 29. Qxe6+ Kh8 30. Rxe4 Nxe4 31. Nf7+ Kg8 32. Nh6+ Kh8 33. Qg8+
Rxg8 34. Nf7# {Black checkmated} 1-0